Map: Odyssey LE

Players

Snute - Winner!

  • Race: Zerg Zerg
  • Spawn Location: 5:00

NoRegreT

  • Race: Zerg Zerg
  • Spawn Location: 11:00

Event: WCS Montreal 2017

VOD

Have the link to the VOD?

Description

Time

  • Played on: Sept. 8, 2017, 2:49 p.m.
  • Length: 7:25

All games in this series

Show
View Real Time Build Order
Export as new Build Order

Snute Zerg - Winner!

Build Orders: Pool First, Zergling Baneling 

Get SALT Encoding   

  12  0:00  Drone  
  13  0:12  Overlord  
  13  0:16  Drone  
  14  0:30  Drone x2  
  14  0:34  Drone  
  17  0:39  Extractor  
  16  0:45  Drone  
  16  0:49  Spawning Pool  
  16  0:56  Drone  
  17  1:06  Drone  
  18  1:19  Hatchery  
  17  1:36  Queen  
  19  1:40  Metabolic Boost  
  19  1:42  Zergling x2  
  19  1:45  Zergling x2  
  21  1:51  Overlord  
  21  1:55  Zergling x2  
  22  2:08  Baneling Nest  
  22  2:14  Queen  
  23  2:17  Zergling x2  
  23  2:21  Zergling x2  
  25  2:26  Zergling x2  
  26  2:31  Zergling x2  
  27  2:38  Queen  
  27  2:41  Zergling x2  
  30  2:49  Zergling x4  
  32  2:53  Baneling x2  
  32  3:02  Queen  
  34  3:17  Drone x2  
  34  3:18  Drone  
  34  3:19  Baneling  
  33  3:23  Drone x2  
  33  3:25  Baneling  
  35  3:30  Baneling  
  35  3:34  Zergling x2  
  33  3:35  Zergling x2  
  33  3:38  Baneling  
  34  3:46  Zergling x4  
  35  4:02  Overlord  
  35  4:21  Drone  
  35  4:22  Drone x5  
  41  4:28  Zergling x4  
  43  4:32  Overlord  
  43  4:34  Baneling  
  43  4:35  Overlord  
  43  4:39  Zergling x2  
  43  4:47  Baneling x4  
  43  4:51  Zergling x4  
  45  4:56  Drone x3  
  46  5:03  Drone x4  
  48  5:10  Zergling x2  
  49  5:16  Zergling x2  
  49  5:18  Zergling x2  
  51  5:23  Zergling x4  
  51  5:25  Hatchery  
  50  5:33  Zergling x12  
  54  5:36  Baneling x4  
  54  5:37  Baneling x2  
  54  5:41  Zergling x2  
  55  5:43  Baneling  
  55  5:44  Zergling x2  
  52  5:52  Zergling x6  
  52  5:54  Zergling x8  
  54  5:57  Zergling x2  
  54  6:02  Baneling x2  
  54  6:05  Zergling x2  
  54  6:07  Drone  
  45  6:12  Baneling x2  
  45  6:15  Drone  
  46  6:18  Drone  
  46  6:25  Baneling  
  47  6:28  Drone  
  47  6:29  Drone x3  
  47  6:32  Baneling  
  50  6:41  Zergling x4  
  50  6:45  Zergling x6  
  50  6:50  Zergling x4  
  50  6:58  Zergling x2  
  50  6:59  Zergling x8  
  54  7:01  Baneling x2  
  54  7:05  Zergling x6  
Show
View Real Time Build Order
Export as new Build Order

NoRegreT Zerg 

Build Orders: Pool First, Zergling Baneling 

Get SALT Encoding   

  12  0:00  Drone  
  13  0:12  Overlord  
  13  0:17  Drone  
  14  0:30  Drone x2  
  14  0:33  Extractor  
  15  0:38  Drone  
  16  0:48  Spawning Pool  
  15  0:50  Drone  
  17  0:57  Drone  
  17  1:21  Hatchery  
  16  1:34  Queen  
  16  1:38  Metabolic Boost  
  18  1:42  Zergling x2  
  18  1:46  Zergling x2  
  20  1:50  Zergling x2  
  21  1:59  Baneling Nest  
  21  2:01  Zergling x2  
  21  2:10  Overlord  
  21  2:16  Zergling x2  
  22  2:29  Zergling x2  
  23  2:34  Zergling x2  
  23  2:36  Zergling x2  
  25  2:43  Baneling x3  
  26  2:44  Zergling x6  
  26  2:47  Zergling x2  
  29  2:54  Drone  
  29  2:56  Zergling x2  
  31  3:01  Zergling x2  
  33  3:05  Drone  
  33  3:15  Drone  
  33  3:16  Drone  
  33  3:22  Baneling x3  
  33  3:24  Drone x2  
  33  3:26  Zergling x2  
  34  3:33  Zergling x2  
  32  3:35  Zergling x2  
  32  3:40  Drone  
  32  3:45  Drone  
  29  3:48  Drone  
  29  3:52  Drone  
  29  3:55  Queen  
  30  3:58  Baneling x2  
  30  3:59  Zergling x2  
  33  4:06  Overlord  
  33  4:09  Overlord  
  33  4:13  Evolution Chamber  
  30  4:25  Zergling x8  
  30  4:29  Zergling x4  
  34  4:32  Zergling x2  
  31  4:39  Drone  
  31  4:41  Drone  
  28  4:50  Queen  
  28  4:51  Zergling x2  
  30  4:55  Zergling x2  
  30  4:58  Zergling x2  
  31  5:04  Drone, Baneling x2  
  31  5:06  Drone  
  33  5:11  Zergling x2  
  34  5:14  Zergling x2  
  34  5:18  Zergling x2  
  35  5:29  Baneling x2  
  34  5:38  Zergling x8  
  34  5:40  Zergling x2  
  39  5:49  Zergling x2  
  32  5:50  Zergling x2  
  32  5:55  Zergling x2  
  32  5:57  Zergling x2  
  31  5:58  Zergling x2  
  31  6:01  Zergling x2  
  31  6:05  Zergling x2  
  31  6:10  Zergling x2  
  31  6:12  Baneling  
  31  6:14  Baneling  
  31  6:17  Drone  
  30  6:28  Zergling x4  
  30  6:31  Zergling x2  
  31  6:41  Zergling x2  
  31  6:43  Zergling x4  
  31  6:45  Zergling x2  
  29  6:49  Drone  
  27  6:57  Drone  
Tags
 
Add a new tag
Caveats
  • Supply blocks, unpowered buildings, or Contaminate may cause inaccurate times.
  • Supply counts are checked every 10 seconds.